 Dungeon Crawl Stone Soup version bcrawl-1.14.2-1-gc900083943 (webtiles) character file.

Game seed: 7624857043545300911

86 KristoblXynda the Conjurer (level 4, -8/27 HPs)
             Began as a Fairy Conjurer on Sept 20, 2019.
             Killed by divine providence
             ... invoked by an orc priest
              (17 damage)
             ... on level 2 of the Dungeon.
             The game lasted 00:02:41 (897 turns).

KristoblXynda the Conjurer (Fairy Conjurer)          Turns: 897, Time: 00:02:41

Health: -8/27      AC:  7    Str:  6    XL:     4   Next: 50%
Magic:  1/11       EV: 17    Int: 20    God:
Gold:   60         SH:  4    Dex: 12    Spells: 6/10 levels left

rFire    . . .     SeeInvis .   d - +0 dagger
rCold    + . .     Gourm    .   (shield restricted)
rNeg     . . .     Faith    .   (armour unavailable)
rPois    .         Spirit   .   j - +1 helmet
rElec    .         Reflect  .   (no cloak)
rCorr    .         Harm     .   h - +0 pair of gloves
MR       .....                  (no boots)
Stlth    +.........             (no amulet)
HPRegen  0.09/turn              a - ring of protection from cold
MPRegen  0.12/turn              (no ring)

@: flying evasively
A: small, magic attunement, unstealthy, unfitting armour, able to fly, AC/SH +4
a: Stop Flying


You were on level 2 of the Dungeon.
You were not hungry.

You visited 1 branch of the dungeon, and saw 2 of its levels.

You collected 60 gold pieces.

Inventory:

Hand Weapons
 d - a +0 dagger (weapon)
Armour
 h - a +0 pair of gloves (worn)
 j - a +1 helmet (worn)
Jewellery
 a - a ring of protection from cold (left hand)
Scrolls
 e - 2 scrolls of identify {unknown}
 f - a scroll of magic mapping {unknown}
 g - a scroll of amnesia {unknown}
Potions
 c - a potion of haste {unknown}
Comestibles
 b - 3 rations {!d}


   Skills:
 + Level 4.1 Dodging
 - Level 1.5 Stealth
 + Level 3.9 Spellcasting
 + Level 5.7 Conjurations


You had 6 spell levels left.
You knew the following spells:

 Your Spells              Type           Power        Failure   Level  Hunger
a - Magic Dart            Conj           ####         1%          1    None
b - Iskenderun's Mystic   Conj           ####....     3%          3    None

Your spell library contained the following spells:

 Spells                   Type           Power        Failure   Level  Hunger
 Searing Ray              Conj           ####..       1%          2    None
 Fulminant Prism          Conj/Hex       ###.......   38%         4    None
 Irradiate                Conj/Tmut      ###.......   75%         5    None


Dungeon Overview and Level Annotations

Branches:
Dungeon (2/12)

Altars:


Innate Abilities, Weirdness & Mutations

Your spells do not cause hunger and MP costs are reduced by 1.
Your bright wings attract enemies. (Stealth-)
You cannot fit into any form of body armour.
Your shimmering scales are hard and can block incoming attacks. (AC +4, SH +4)
You are small and have problems with some larger weapons.
You can fly continuously.


Message History

Beogh smites you!
Casting: Iskenderun's Mystic Blast (safe; 3% risk of failure)
Confirm with . or Enter, or press ? or * to list all spells.
Aiming: Iskenderun's Mystic Blast (safe; 3% risk of failure)
Press: ? - help, Shift-Dir - straight line, f/p - orc priest
Aim: an orc priest, wielding a -3 flail and wearing a +0 chain mail The orb of energy hits the orc priest.
The orc priest is almost dead.
The orb of energy explodes!
Casting: Iskenderun's Mystic Blast (safe; 3% risk of failure)
Confirm with . or Enter, or press ? or * to list all spells.
Aiming: Magic Dart (safe; 1% risk of failure)
Press: ? - help, Shift-Dir - straight line, f/p - orc priest
Aim: an orc priest, wielding a -3 flail and wearing a +0 chain mail (almost dead)
The magic dart hits the orc priest.
The orc priest is almost dead.
The orc priest mumbles some strange prayers to Beogh against you.
Beogh smites you!
Ouch! That really hurt!
You die...

#.#..o. #.#..#####
########o#)......
#...o.o....†.#
#)######.##(## #o#
#... .. #)#
####..... #.#
##### #@# #.# #.#
#.################
#.................
##################


You could see an orc priest.

Vanquished Creatures
  An orc priest (D:2)
  An ooze (D:1)
  A worm (D:1)
  A dart slug (D:1)
  2 leopard geckos (D:1)
  3 orcs (D:2)
  2 ball pythons
  A giant cockroach (D:1)
  3 goblins (D:1)
  7 hobgoblins
  2 jackals (D:1)
  4 bats (D:1)
  2 frilled lizards (D:1)
  8 kobolds
  2 rats (D:1)
40 creatures vanquished.

Notes
Turn   | Place    | Note
-------+----------+-------------------------------------------
     0 | D:1      | KristoblXynda the Fairy Conjurer began the quest for the
                  | Orb.
     0 | D:1      | Reached XP level 1. HP: 11/11 MP: 6/6
   150 | D:1      | Reached skill level 5 in Conjurations
   150 | D:1      | Reached XP level 2. HP: 17/17 MP: 8/8
   265 | D:1      | Reached XP level 3. HP: 21/21 MP: 9/9
   270 | D:1      | Learned a level 3 spell: Iskenderun's Mystic Blast
   879 | D:2      | Reached XP level 4. HP: 21/27 MP: 11/11
   897 | D:2      | Killed from afar by an orc priest

Skill      XL: |  1  2  3 |
---------------+----------+-----
Dodging        | 3 4 |  4.1
Spellcasting   | 3 |  3.9
Conjurations   | 5 |  5.7
Stealth        | |  1.5

Action                   |  1- 3 |  4- 6 || total
-------------------------+-------+-------++-------
 Cast: Magic Dart        |    76 |     2 ||    78
       Iskenderun's Myst |       |     5 ||     5
Dodge: Dodged            |    14 |       ||    14
Block: Other             |     2 |       ||     2
